 Dungeon Crawl Stone Soup version 0.30-a0-509-gd016549fea (webtiles) character file.

Game seed: 4037890293955719242

54 funkygono the Firebug (level 3, -1/24 HPs)
             Began as a Demonspawn Fire Elementalist on Dec 22, 2022.
             Killed from afar by a white imp (7 damage)
             ... with a puff of frost
             ... on level 6 of the Dungeon.
             The game lasted 00:03:16 (2454 turns).

funkygono the Firebug (DsFE)                        Turns: 2454, Time: 00:03:17

Health: -1/24      AC:  7    Str:  8    XL:     3   Next: 66%
Magic:  5/7        EV: 12    Int: 18    God:
Gold:   105        SH:  4    Dex: 13    Spells: 4/7 levels left

rFire   . . .      SeeInvis .    d - +0 whip
rCold   . . .      Faith    .    (no shield)
rNeg    . . .      Spirit   .    a - +0 robe
rPois   +          Reflect  .    (no helmet)
rElec   .          Harm     .    (no cloak)
rCorr   +          Rampage  .    f - +0 pair of gloves
Will    .....                    (no boots)
Stlth   ++........               j - amulet of the acrobat
HPRegen 0.24/turn                g - ring of poison resistance
MPRegen 0.10/turn                m - ring of resist corrosion

@: very slightly contaminated
A: icemail 1, condensation shield
a: no special abilities


You were on level 6 of the Dungeon.
You visited 1 branch of the dungeon, and saw 4 of its levels.

You collected 105 gold pieces.

Inventory:

Hand Weapons
 d - a +0 whip (weapon)
 h - a +0 mace
Armour
 a - a +0 robe (worn)
 f - a +0 pair of gloves (worn)
Jewellery
 g - a ring of poison resistance (left hand)
 j - an amulet of the acrobat (around neck)
 m - a ring of resist corrosion (right hand)
Scrolls
 c - a scroll of blinking {unknown}
 k - 2 scrolls of identify {unknown}
Potions
 e - a potion of degeneration {unknown}
 i - a potion of flight {unknown}
 l - a potion of cancellation {unknown}


   Skills:
 + Level 0.2 Fighting
 + Level 2.0 Dodging
 - Level 1.7 Stealth
 + Level 2.6 Spellcasting
 + Level 1.5 Conjurations
 + Level 3.4 Fire Magic


You had 4 spell levels left.
You knew the following spells:

 Your Spells              Type           Power      Damage    Failure   Level
a - Foxfire               Conj/Fire      44%        2x1d6     6%          1
b - Scorch                Fire           28%        2d6       6%          2

Your spell library contained the following spells:

 Spells                   Type           Power      Damage    Failure   Level
 Freeze                   Ice            8%         1d3       17%         1
 Inner Flame              Hex/Fire       8%         N/A       26%         3
 Kindle Blastsparks       Fire/Tloc/Air  12%        2d11      32%         3
 Hailstorm                Conj/Ice       5%         3d4       36%         3
 Frozen Ramparts          Ice            4%         1d1       45%         3
 Flame Wave               Conj/Fire      11%        2d6       52%         4


Dungeon Overview and Level Annotations

Branches:
Dungeon (3/15)

Altars:
Vehumet

Shops:
D:1 =

Annotations:
D:6 Edmund


Innate Abilities, Weirdness & Mutations

A meltable icy envelope protects you from harm. (AC +4)
A meltable shield of frost defends you. (SH +4)


Message History

The foxfire hits Edmund but does no damage.
Casting: Foxfire (safe; 6% risk of failure)
Confirm with . or Enter, or press ? or * to list all spells.
You conjure some foxfire!
Casting: Foxfire (safe; 6% risk of failure)
Confirm with . or Enter, or press ? or * to list all spells.
Flames lash Edmund but do no damage.
Something shouts, "Scamper hence, thou infectious sow-suckled puttock!"
The foxfire hits Edmund but does no damage.
Edmund hits you with a +0 dire flail of protection!
Ouch! That really hurt!
A white imp comes into view.
Unknown command.
Found 13 gold pieces.
The foxfire hits Edmund but does no damage.
Casting: Scorch (safe; 6% risk of failure)
Confirm with . or Enter, or press ? or * to list all spells.
You miscast Foxfire.
You are very lightly contaminated with residual magic.
Nothing appears to happen.
The white imp misses you.
Edmund hits you with a +0 dire flail of protection.
Casting: Foxfire (safe; 6% risk of failure)
Confirm with . or Enter, or press ? or * to list all spells.
Flames lash the white imp but do no damage.
You hear an angry growl.
The white imp hits you but does no damage.
Edmund barely misses you.
Unknown command.
Magic courses through your body.
Edmund says, "I might not be good at magic, but I can still kill you!"
Edmund misses you. The white imp hits you. The white imp freezes you.
* * * LOW HITPOINT WARNING * * *
Casting: Scorch (safe; 6% risk of failure)
Confirm with . or Enter, or press ? or * to list all spells.
Flames lash Edmund.
Edmund is lightly wounded.
Edmund's fire resistance burns away.
The white imp gestures at you. The puff of frost hits you!
You die...

....#.....#../.
#.....#.#. ...#
..#.......#..
#....#(_. ....#
#..#.......#..#
#.....#.#.....#
#...#.....#.?..
#.....#@#....#
#.....@......#
####.5.......#
.....#####.....
...... .....
..... ....
..... ... ....
... ..$.


You could see Edmund (combustible) and a white imp.

Vanquished Creatures
  2 dart slugs (D:1)
  6 ball pythons
  4 bats
  3 endoplasms
  7 giant cockroaches
  3 goblins (D:2)
  6 hobgoblins
  2 quokkas (D:1)
  5 frilled lizards
  5 kobolds
  3 rats (D:1)
46 creatures vanquished.

Vanquished Creatures (others)
  115 foxfires
115 creatures vanquished.

Grand Total: 161 creatures vanquished

Notes
Turn   | Place    | Note
-------+----------+-------------------------------------------
     0 | D:1      | funkygono the Demonspawn Fire Elementalist began the quest
                  | for the Orb.
     0 | D:1      | Reached XP level 1. HP: 13/13 MP: 3/3
   280 | D:1      | Gained mutation: A meltable shield of frost defends you.
                  | (SH +4) [demonic ancestry]
   280 | D:1      | Reached XP level 2. HP: 19/19 MP: 3/5
   283 | D:1      | Learned a level 2 spell: Scorch
   312 | D:1      | Reached skill level 3 in Fire Magic
   701 | D:1      | Found Coigoof's Jewellery Emporium.
   815 | D:1      | Gained mutation: A meltable icy envelope protects you from
                  | harm. (AC +4) [demonic ancestry]
   815 | D:1      | Reached XP level 3. HP: 24/24 MP: 4/6
  2445 | D:3      | You fall into a shaft and drop 3 floors!
  2445 | D:6      | Found a radiant altar of Vehumet.
  2447 | D:6      | Noticed Edmund
  2454 | D:6      | Killed from afar by a white imp

Illustrated notes

Levels and vault maps discovered:
D:1:      kilobyte_arrival_exit_the_forest, layout_rooms, serial_shops, shop,
          minmay_worlds_worst_comb
D:2:      layout_loops_ring, serial_co_window_serial, co_window_corner_a,
          co_window_paths_b, co_window_of_opportunity_a, co_window_corner_a,
          co_window_corner_a, co_window_of_opportunity_b,
          co_window_of_opportunity_c, co_window_of_opportunity_b,
          glass_columns_b, glass_columns_c, glass_columns_c, glass_columns_a
D:3:      layout_basic, mainiacjoe_overflow_alcove_4,
          minmay_randomly_rotated_circles
D:6:      layout_gridville, nicolae_vehumet_radiance, lemuel_round_altar,
          nicolae_qazlal_scattered_showers, minmay_temple_entry_gardened_gates,
          uniq_edmund

Skill      XL: |  1  2  3 |
---------------+----------+-----
Fire Magic     | 3 |  3.4
Dodging        | 2 |  2.0
Fighting       | |  0.2
Stealth        | |  1.7
Spellcasting   | |  2.6
Conjurations   | |  1.5

Action                   || total
-------------------------++-------
Melee: Unarmed           ||    11
       Whip              ||     1
 Cast: Foxfire           ||    67
       Scorch            ||    12
  Use: Potion            ||     1
 Stab: Sleeping          ||     1
Armor: Robe              ||     6
Dodge: Dodged            ||    28
Block: Other             ||     1

Table legend: (Time is in decaauts)
 A = Elapsed time spent in this place.
 B = Non-inter-level travel time spent in this place.
 C = Inter-level travel time spent in this place.
 D = Time resting spent in this place.
 E = Time spent auto-exploring this place.
 F = Levels seen in this place.
 G = Mean time per level.
                   A        B        C        D        E       F      G
               +--------+--------+--------+--------+--------+-----+--------+
         Total |   2456 |   2383 |     73 |      0 |   2064 |   4 |  614.0 |
       Dungeon |   2456 |   2383 |     73 |      0 |   2064 |   4 |  614.0 |
               +--------+--------+--------+--------+--------+-----+--------+

Top non-repeatable levels by time:
     D:1: 1306 daAuts
     D:2: 1141 daAuts
     D:6: 8 daAuts
